 Dungeon Crawl Stone Soup version 0.27-a0-1416-g941b2bd30b (webtiles) character file.

Game seed: 6177534826968509906

25 Tocho the Ruffian (level 2, -1/23 HPs)
             Began as a Draconian Transmuter on July 1, 2021.
             Slain by an adder (3 damage)
             ... on level 2 of the Dungeon.
             The game lasted 00:01:23 (1041 turns).

Tocho the Ruffian (Draconian Transmuter)            Turns: 1041, Time: 00:01:24

Health: -1/23      AC:  4    Str: 12    XL:     2   Next: 86%
Magic:  3/5        EV: 12    Int: 13    God:
Gold:   85         SH:  0    Dex: 11    Spells: 2/5 levels left

rFire    . . .     SeeInvis .     - Unarmed
rCold    . . .     Faith    .   (no shield)
rNeg     . . .     Spirit   .   (armour unavailable)
rPois    .         Reflect  .   (helmet restricted)
rElec    .         Harm     .   (no cloak)
rCorr    .         Rampage  .   (no gloves)
Will     .....                  (no boots)
Stlth    +.........             (no amulet)
HPRegen  0.07/turn              (no ring)
MPRegen  0.09/turn              (no ring)

@: wereblooded
A: AC +4, unfitting armour, cold-blooded
a: no special abilities


You were on level 2 of the Dungeon.
You visited 1 branch of the dungeon, and saw 2 of its levels.

You collected 85 gold pieces.

Inventory:

Scrolls
 b - a scroll of enchant weapon {unknown}
 c - a scroll of noise {unknown}
 e - a scroll of magic mapping {unknown}
 f - 2 scrolls of identify {unknown}
 g - a scroll of teleportation {unknown}
Potions
 a - a potion of mutation {unknown}
 d - a potion of flight {unknown}


   Skills:
 + Level 1.1 Fighting
 + Level 2.1 Dodging
 + Level 3.6 Unarmed Combat
 + Level 2.2 Spellcasting
 + Level 2.1 Transmutations


You had 2 spell levels left.
You knew the following spells:

 Your Spells              Type           Power      Damage    Failure   Level
a - Beastly Appendage     Tmut           14%        N/A       11%         1
b - Wereblood             Tmut           7%         N/A       16%         2

Your spell library contained the following spells:

 Spells                   Type           Power      Damage    Failure   Level
 Passwall                 Tmut/Erth      3%         N/A       24%         2
 Shock                    Conj/Air       4%         1d3       26%         1
 Spider Form              Tmut/Pois      2%         N/A       43%         3
 Swiftness                Air            1%         N/A       58%         3
 Ice Form                 Ice/Tmut       4%         N/A       85%         4
 Airstrike                Air            0%         N/A       94%         4
 Invisibility             Hex            0%         N/A       100%        6


Dungeon Overview and Level Annotations

Branches:
Dungeon (2/15)

Altars:


Innate Abilities, Weirdness & Mutations

Your plain brown scales are hard. (AC +4)
You cannot fit into any form of body armour.
You are cold-blooded and may be slowed by cold attacks.


Message History

The adder poisons you!
The jackal bites you but does no damage.
The frilled lizard closely misses you.
You feel sick. The bat closely misses you. The jackal bites you.
The adder closely misses you. The jackal barely misses you.
You feel sick.
Found a scale mail.
You feel sick. The bat hits you.
Casting: Wereblood (safe; 16% risk of failure)
Confirm with . or Enter, or press ? or * to list all spells.
Your blood is infused with primal strength.
You feel sick. The bat hits you. The bat barely misses you.
You are too injured to fight recklessly!
You are too injured to fight recklessly!
You are too injured to fight recklessly!
You barely miss the bat.
You feel sick.
You are no longer poisoned.
The bat barely misses you. The adder bites you but does no damage.
You miss the adder.
The adder is severely wounded.
The jackal pauses to sniff the ground.
The adder bites you.
You barely miss the adder.
The adder is severely wounded.
The adder bites you.
* * * LOW HITPOINT WARNING * * *
You miss the adder.
The adder is severely wounded.
The frilled lizard closely misses you. The adder barely misses you.
You hit the adder.
The adder is severely wounded.
The adder bites you.
* * * LOW HITPOINT WARNING * * *
The frilled lizard barely misses you. The adder bites you but does no damage.
You barely miss the adder.
The adder is severely wounded.
The frilled lizard bites you.
* * * LOW HITPOINT WARNING * * *
The adder bites you.
You die...

######### ≈.≈.≈ #........
.≈≈≈≈.. ##.........≈.≈≈≈≈.
.........#..≈≈≈≈≈P
#.......#P≈.≈≈≈..
#..........≈≈.≈ #
#..?......bh[≈≈≈♣.
##.......##l♣≈≈≈P...# ####
........SS@..P.P[.#...##...
....#..###...#..# #...<..
.## ##.####.##..# ####..>
#...##.....# #...
###........# #...
#....##..#######...
#<##.##............ #.#
.....######.... ####.#
##...#####....


You could see 2 adders, a jackal, a bat and a frilled lizard.

Vanquished Creatures
  3 bats (D:1)
  An endoplasm (D:1)
  3 giant cockroaches (D:1)
  2 goblins (D:1)
  3 hobgoblins (D:1)
  3 jackals (D:1)
  A kobold (D:1)
  2 quokkas (D:1)
  2 frilled lizards
20 creatures vanquished.

Notes
Turn   | Place    | Note
-------+----------+-------------------------------------------
     0 | D:1      | Tocho the Draconian Transmuter began the quest for the Orb.
     0 | D:1      | Reached XP level 1. HP: 16/16 MP: 3/3
   262 | D:1      | Reached XP level 2. HP: 21/23 MP: 3/5
   367 | D:1      | Learned a level 2 spell: Wereblood
  1041 | D:2      | Slain by an adder

Illustrated notes

Levels and vault maps discovered:
D:1:      noname_arrival_rooms_in_the_neighbourhood, layout_basic,
          minmay_hexomino_p4
D:2:      layout_rooms, basic_altar, serial_bayou_pond_b, kennysheep_path_1,
          uniq_natasha

Skill      XL: |  1  2 |
---------------+-------+-----
Dodging        | 2 |  2.1
Fighting       | |  1.1
Unarmed Combat | |  3.6
Spellcasting   | |  2.2
Transmutations | |  2.1

Action                   || total
-------------------------++-------
Melee: Unarmed           ||    70
       Kick              ||     4
       Tailslap          ||     4
       Headbutt          ||     2
       Punch             ||     2
 Cast: Beastly Appendage ||     4
       Wereblood         ||     3
 Stab: Sleeping          ||     1
Armor: Skin              ||    26
Dodge: Dodged            ||    62

Table legend: (Time is in decaauts)
 A = Elapsed time spent in this place.
 B = Non-inter-level travel time spent in this place.
 C = Inter-level travel time spent in this place.
 D = Time resting spent in this place.
 E = Time spent auto-exploring this place.
 F = Levels seen in this place.
 G = Mean time per level.
                   A        B        C        D        E       F      G
               +--------+--------+--------+--------+--------+-----+--------+
         Total |   1036 |    902 |    134 |      0 |    745 |   2 |  518.0 |
       Dungeon |   1036 |    902 |    134 |      0 |    745 |   2 |  518.0 |
               +--------+--------+--------+--------+--------+-----+--------+

Top non-repeatable levels by time:
     D:1: 958 daAuts
     D:2: 77 daAuts
